 Dungeon Crawl Stone Soup version 0.29-a0-410-g9596d59a08 (webtiles) character file.

Game seed: 16520991781936990311

2061 Glafi the Fighter (level 9, -1/83 HPs)
             Began as a Minotaur Fighter on May 14, 2022.
             Was a Follower of Qazlal.
             Killed by an exploding crimson imp (6 damage)
             ... ignited by their inner flame
             ... on level 7 of the Dungeon.
             The game lasted 01:34:14 (6565 turns).

Glafi the Fighter (Minotaur Fighter)                Turns: 6565, Time: 01:34:14

Health: -1/83      AC: 14    Str: 25    XL:     9   Next: 5%
Magic:  18/18      EV: 10    Int:  5    God:    Qazlal [*.....]
Gold:   196        SH: 10    Dex: 10    Spells: 8/8 levels left

rFire   . . .      SeeInvis .   A - +5 dagger "Gickuh" {drain, MP+9}
rCold   . . .      Faith    .   E - +0 kite shield
rNeg    . . .      Spirit   .   m - +4 ring mail
rPois   .          Reflect  .   (helmet restricted)
rElec   .          Harm     .   B - +2 cloak {Will+}
rCorr   .          Rampage  .   (no gloves)
Will    +....                   (no boots)
Stlth   ..........              (no amulet)
HPRegen 0.23/turn               (no ring)
MPRegen 0.16/turn               (no ring)

@: no status effects
A: horns 2, retaliatory headbutt
a: Renounce Religion


You were on level 7 of the Dungeon.
You worshipped Qazlal.
Qazlal was aware of your devotion.
You visited 2 branches of the dungeon, and saw 8 of its levels.

You collected 399 gold pieces.
You spent 203 gold pieces at shops.

Inventory:

Hand Weapons
 e - a +0 hand axe
 j - a +1 war axe of flaming
 o - a +0 hunting sling of freezing
 A - the +5 dagger "Gickuh" (weapon) {drain, MP+9}
   (You bought it in a shop on level 4 of the Dungeon)

   A truly terrible weapon, it drains the life of any living foe it strikes.
   MP:        It affects your magic capacity (+9).
Missiles
 q - 291 stones (quivered)
 C - a throwing net
Armour
 c - a +0 buckler
 m - a +4 ring mail (worn)
 B - a +2 cloak of willpower (worn)
 E - a +0 kite shield (worn)
Jewellery
 n - a ring of fire
Wands
 b - a wand of flame (4)
 H - a wand of iceblast (6)
Scrolls
 g - 3 scrolls of fear
 w - 3 scrolls of enchant weapon
 y - a scroll of brand weapon
Potions
 f - 2 potions of magic
 l - a potion of berserk rage {unknown}
 p - 3 potions of lignification
 r - a potion of brilliance
 s - 2 potions of cancellation
 t - 2 potions of haste
 u - 4 potions of heal wounds
 x - a potion of attraction {unknown}
 D - a potion of ambrosia {unknown}
 I - 2 potions of degeneration {unknown}
 J - a potion of resistance {unknown}


   Skills:
 * Level 9.1 Fighting
 - Level 2.4 Axes
 + Level 8.2 Armour
 + Level 3.9 Dodging
 + Level 6.4 Shields
 * Level 1.9 Invocations
 * Level 3.3 Evocations


You had 8 spell levels left.
You didn't know any spells.
Your spell library contained the following spells:

 Spells                   Type           Power      Damage    Failure   Level
 Portal Projectile        Hex/Tloc       0%         N/A       99%         3
 Airstrike                Air            0%         N/A       100%        4
 Summon Lightning Spire   Summ/Air       0%         N/A       100%        4
 Blade Hands              Tmut           0%         N/A       100%        5
 Excruciating Wounds      Necr           0%         N/A       100%        5
 Lightning Bolt           Conj/Air       0%         1d11      100%        5


Dungeon Overview and Level Annotations

Branches:
Dungeon (7/15)             Temple (1/1) D:6

Altars:
Ashenzari
Cheibriados
Dithmenos
Elyvilon
Fedhas
Kikubaaqudgha
Nemelex Xobeh
Okawaru
Qazlal
Ru
Sif Muna
Trog
Wu Jian
Yredelemnul
Zin

Shops:
D:4 =(


Innate Abilities, Weirdness & Mutations

You have a pair of horns on your head.
You reflexively headbutt those who attack you in melee.


Message History

You hit the crimson imp but do no damage.
The crimson imp is moderately wounded.
The crimson imp blinks!
The crimson imp barely misses you.
You hit the crimson imp.
Flame seeps out of the crimson imp.
The crimson imp is heavily wounded.
You block the crimson imp's attack.
The crimson imp blinks!
The crimson imp hits you but does no damage.
The crimson imp blinks!
You hit the crimson imp.
Flame seeps out of the crimson imp.
Your headbutt misses the crimson imp.
The crimson imp is severely wounded.
The crimson imp hits you but does no damage.
The crimson imp closely misses you.
The crimson imp blinks!
You miss the crimson imp. You headbutt the crimson imp.
Qazlal accepts your kill.
You are now surrounded by a storm.
The crimson imp explodes!
The fiery explosion engulfs the crimson imp.
The crimson imp completely resists.
The fiery explosion engulfs you!!
* * * LOW HITPOINT WARNING * * *
The crimson imp blinks! x2
The crimson imp blinks!
The crimson imp hits you but does no damage.
The crimson imp attacks as you move away!
You block the crimson imp's attack.
The crimson imp blinks!
The crimson imp misses you.
The crimson imp hits you but does no damage.
The crimson imp attacks as you move away!
The crimson imp closely misses you.
Found a rapier.
The crimson imp blinks!
You closely miss the crimson imp.
The crimson imp's inner flame fades away. x2
The crimson imp closely misses you. You furiously retaliate!
You headbutt the crimson imp!
Flame seeps out of the crimson imp.
The crimson imp hits you but does no damage. x2
The crimson imp blinks!
You hit the crimson imp.
Flame seeps out of the crimson imp.
You headbutt the crimson imp. Qazlal accepts your kill.
The crimson imp explodes!
The fiery explosion engulfs you.
You die...

#..# ##. ######..#
##.. #....##.##
##... #'##.....#
###..## #...#.....#
##...## #.5§#..5..#
##...##
#§..#5....####..###
#)#####§5....#...##
#....5@°.........##
#.....§§§....##...#
##......#...##....##
##.....#...###....#
##..5#...## ######
#####...# ##.5##
#...########
#...##.....#####


You could see 5 crimson imps and a shadow imp (inner flame).

Vanquished Creatures
  Grinder (D:3)
  Eustachio (D:5)
  A water moccasin (D:6)
  An orc warrior (D:6)
  An ice beast (D:5)
  A black bear (D:4)
  A kobold brigand (D:6)
  2 phantoms
  2 necrophages
  5 scorpions
  A howler monkey (D:4)
  3 crimson imps (D:7)
  3 orc priests
  4 hounds
  2 jellies
  Crazy Yiuf (D:4)
  Natasha (thrice) (D:2)
  An orc wizard (D:6)
  Robin (D:3)
  A gnoll (D:1)
  6 adders
  2 ufetubi
  2 worms (D:2)
  3 dart slugs
  16 orcs
  A bat (D:3)
  12 endoplasms
  A giant cockroach (D:1)
  12 goblins
  9 hobgoblins
  9 kobolds
  6 quokkas
  5 ball pythons
  6 frilled lizards
  2 rats
128 creatures vanquished.

Vanquished Creatures (others)
  8 plants
8 creatures vanquished.

Grand Total: 136 creatures vanquished

Notes
Turn   | Place    | Note
-------+----------+-------------------------------------------
     0 | D:1      | Glafi the Minotaur Fighter began the quest for the Orb.
     0 | D:1      | Reached XP level 1. HP: 19/19 MP: 0/0
   318 | D:1      | Reached skill level 4 in Fighting
   318 | D:1      | Reached XP level 2. HP: 27/27 MP: 1/1
   638 | D:1      | Reached XP level 3. HP: 29/34 MP: 2/2
   687 | D:1      | Found a faded altar of an unknown god.
   955 | D:2      | Noticed Natasha
   959 | D:2      | Killed Natasha
  1336 | D:2      | Noticed Natasha
  1344 | D:2      | Killed Natasha
  1345 | D:2      | Reached XP level 4. HP: 22/41 MP: 3/3
  1603 | D:2      | Noticed Natasha
  1608 | D:2      | Killed Natasha
  1609 | D:2      | Reached skill level 5 in Fighting
  1609 | D:2      | Reached skill level 5 in Armour
  2128 | D:3      | Reached XP level 5. HP: 48/48 MP: 4/4
  2143 | D:3      | Noticed Grinder
  2150 | D:3      | Found a bloodstained altar of Trog.
  2159 | D:3      | Killed Grinder
  2160 | D:3      | Reached skill level 1 in Dodging
  2160 | D:3      | Reached XP level 6. HP: 40/57 MP: 5/5
  2339 | D:3      | Noticed Robin
  2348 | D:3      | Reached skill level 6 in Fighting
  2359 | D:3      | Killed Robin
  2713 | D:3      | Found a snail-covered altar of Cheibriados.
  2714 | D:3      | Found a white marble altar of Elyvilon.
  2727 | D:3      | Found an ornate altar of the Wu Jian Council.
  2800 | D:4      | Reached skill level 5 in Shields
  2983 | D:4      | Reached XP level 7. HP: 64/64 MP: 6/6
  3085 | D:4      | Reached skill level 1 in Evocations
  3126 | D:4      | Found a glowing silver altar of Zin.
  3225 | D:4      | Found Poninaur's Antique Weapon Boutique.
  3228 | D:4      | Bought a twisted dagger for 203 gold pieces
  3228 | D:4      | Identified the +5 dagger "Gickuh" {drain, MP+9} (You bought
                  | it in a shop on level 4 of the Dungeon)
  3428 | D:4      | Found Haghul's Jewellery Shoppe.
  3525 | D:4      | Found a runed translucent door.
  3526 | D:4      | Noticed Crazy Yiuf
  3634 | D:4      | Killed Crazy Yiuf
  3894 | D:5      | Entered Level 5 of the Dungeon
  3910 | D:5      | Reached skill level 7 in Fighting
  4210 | D:5      | Noticed Eustachio
  4215 | D:5      | Killed Eustachio
  4216 | D:5      | Reached XP level 8. HP: 72/74 MP: 7/7
  4696 | D:6      | Reached skill level 8 in Fighting
  4811 | D:6      | Found a staircase to the Ecumenical Temple.
  4826 | Temple   | Entered the Ecumenical Temple
  4895 | Temple   | Became a worshipper of Qazlal Stormbringer
  5034 | D:6      | Reached skill level 1 in Invocations
  6148 | D:7      | Reached skill level 9 in Fighting
  6363 | D:7      | Reached XP level 9. HP: 80/83 MP: 9/9
  6503 | D:7      | Noticed a two-headed ogre
  6554 | D:7      | Reached * piety under Qazlal
  6554 | D:7      | HP: 2/83 [spore (22)]
  6565 | D:7      | Killed by an exploding crimson imp... ignited by their
                  | inner flame

Illustrated notes

Levels and vault maps discovered:
D:1:      eino_arrival_tree_alley, layout_rooms,
          shapermc_ecumenical_altar_hornbeckon
D:2:      layout_basic, serial_forest, infiniplex_forest_clump_long,
          infiniplex_forest_lined_4_way, infiniplex_forest_clump_C,
          infiniplex_forest_clump_tiny, infiniplex_forest_lined_corner,
          infiniplex_forest_straight_1, infiniplex_forest_zigzag_1, uniq_natasha
D:3:      layout_rooms, minitemple, bloody_trog,
          amcnicky_mini_rare_corridor_liquid, uniq_robin, uniq_grinder
D:4:      layout_loops_corners, mainiacjoe_overflow_chevrons, serial_shops,
          nicolae_shop_behind_doors, nicolae_shop_competitors_out_of_business,
          uniq_crazy_yiuf_cottage
D:5:      layout_loops_ring, uniq_eustachio
D:6:      layout_basic, minmay_temple_entry_proselytizer
D:7:      layout_cave_pods, minmay_nine_imps
Temple:   minmay_crystal_spiral_temple

Skill      XL: |  1  2  3  4  5  6  7  8 |
---------------+-------------------------+-----
Fighting       | 4 5 6 7 9 |  9.1
Armour         | 4 5 6 7 8 |  8.2
Shields        | 4 5 6 |  6.4
Dodging        | 1 2 3 |  3.9
Evocations     | 2 3 |  3.3
Invocations    | 1 |  1.9
Axes           | |  2.4

Action                   |  1- 3 |  4- 6 |  7- 9 || total
-------------------------+-------+-------+-------++-------
Melee: War axe           |    53 |    74 |    23 ||   150
       Headbutt          |     7 |    10 |    38 ||    55
       Dagger            |       |       |   181 ||   181
  Use: Potion            |     1 |     1 |     5 ||     7
       Scroll            |       |       |    21 ||    21
Armor: Scale mail        |    19 |    11 |       ||    30
       Ring mail         |       |    31 |    71 ||   102
Dodge: Dodged            |    19 |    46 |    86 ||   151
Block: Buckler           |     7 |    17 |    13 ||    37
       Kite shield       |       |       |    68 ||    68

Table legend: (Time is in decaauts)
 A = Elapsed time spent in this place.
 B = Non-inter-level travel time spent in this place.
 C = Inter-level travel time spent in this place.
 D = Time resting spent in this place.
 E = Time spent auto-exploring this place.
 F = Levels seen in this place.
 G = Mean time per level.
                   A        B        C        D        E       F      G
               +--------+--------+--------+--------+--------+-----+--------+
         Total |   6689 |   6455 |    234 |   1094 |   4312 |   8 |  836.1 |
       Dungeon |   6572 |   6385 |    187 |   1094 |   4260 |   7 |  938.9 |
        Temple |    117 |     70 |     47 |      0 |     52 |   1 |  117.0 |
               +--------+--------+--------+--------+--------+-----+--------+

Top non-repeatable levels by time:
     D:6: 1399 daAuts
     D:2: 1256 daAuts
     D:4: 1141 daAuts
     D:1: 927 daAuts
     D:5: 734 daAuts
     D:3: 671 daAuts
     D:7: 440 daAuts
  Temple: 117 daAuts
